AoeStats
← defermjustin0

Arena

507373585Analyzed
3v3 RM · 2mo ago on Sep 17, 2026· 56m 6s· 6 players
Game mode
Random Map
Map size
Normal (6 player)
Population
200
Speed
Normal
Resources
Standard
Victory
Conquest
Starting age
Dark Age
Ending age
Imperial Age
RankedLock teamsTeams togetherTeam positionsShared explorationLock speedFull tech treeHidden civsTurbo modeCheats
Victory
Defeat
🇧🇪 Khmer · Belgium
924
+11
🇨🇱 Franks · Chile
867
+13
🇧🇪 Persians · Belgium
741
+24
vs
🇦🇷 Persians · Argentina
815
-15
🇺🇸 Burgundians · United States
797
-14
🇲🇽 Celts · Mexico
778
-13
IlIlIIIlIl69
2:26 Loom
10:33 Feudal Age
11:51 Wheelbarrow
11:04 Double-Bit Axe
11:01 Horse Collar
12:02 Bow Saw
12:52 Heavy Plow
21:03 Castle Age
19:24 Gold Mining
19:27 Stone Mining
20:21 Scale Barding Armor
20:41 Forging
22:49 Two-Man Saw
22:34 Crop Rotation
22:21 Light Cavalry
23:05 Husbandry
24:14 Chain Barding Armor
28:42 Hand Cart
28:12 Town Watch
30:47 Treadmill Crane
31:18 Masonry
31:30 Ballistics
31:03 Fletching
31:49 Iron Casting
31:27 Burgundian Vineyards
36:34 Imperial Age
34:04 Cavalier
34:44 Bodkin Arrow
34:51 Murder Holes
35:41 Gold Shaft Mining
35:41 Stone Shaft Mining
38:22 Architecture
38:54 Chemistry
37:57 Bracer
38:34 Caravan
39:37 Plate Barding Armor
38:48 Hussar
42:04 Blast Furnace
42:22 Pikeman
43:06 Scale Mail Armor
44:52 Paladin
45:58 Chain Mail Armor
47:50 Plate Mail Armor
NayarbZurc
1:28 Loom
12:26 Feudal Age
13:15 Double-Bit Axe
14:23 Wheelbarrow
14:47 Fletching
14:57 Gold Mining
17:07 Horse Collar
20:20 Padded Archer Armor
25:37 Castle Age
23:42 Stone Mining
25:04 Forging
24:56 Arson
26:51 Bow Saw
26:39 Bodkin Arrow
26:09 Elite Skirmisher
27:32 Leather Archer Armor
28:04 Gold Shaft Mining
28:00 Heavy Plow
27:43 Pikeman
28:11 Gambesons
29:31 Hand Cart
30:07 Ballistics
30:02 Stronghold
30:34 Town Watch
31:35 Stone Shaft Mining
31:31 Masonry
32:49 Treadmill Crane
33:09 Murder Holes
33:21 Scale Mail Armor
35:58 Fortified Wall
35:41 Guard Tower
40:09 Imperial Age
41:24 Conscription
42:40 Chemistry
42:50 Furor Celtica
43:06 Heavy Scorpion
45:15 Ring Archer Armor
46:58 Halberdier
49:10 Town Patrol
HEAD__SHOT
0:44 Loom
11:49 Feudal Age
13:34 Wheelbarrow
12:42 Horse Collar
12:54 Gold Mining
12:55 Stone Mining
12:52 Double-Bit Axe
23:19 Castle Age
24:19 Hand Cart
24:44 Husbandry
24:55 Bloodlines
24:42 Fletching
25:00 Padded Archer Armor
26:12 Heavy Plow
26:32 Bow Saw
27:06 Kamandaran
27:46 Crossbowman
29:02 Thumb Ring
29:29 Caravan
31:03 Fervor
31:18 Masonry
31:31 Ballistics
32:46 Murder Holes
32:49 Bodkin Arrow
37:51 Imperial Age
35:07 Town Watch
36:46 Leather Archer Armor
38:29 Conscription
38:51 Crop Rotation
39:24 Two-Man Saw
39:04 Stone Shaft Mining
39:04 Gold Shaft Mining
39:33 Chemistry
42:21 Citadels
42:51 Herbal Medicine
43:11 Block Printing
44:52 Architecture
45:41 Ring Archer Armor
45:22 Forging
45:18 Scale Barding Armor
45:54 Hoardings
49:36 Cavalier
49:45 Elite War Elephant
52:53 Chain Barding Armor
53:09 Iron Casting
defermjustin0
12:24 Feudal Age
13:54 Wheelbarrow
13:40 Double-Bit Axe
13:47 Horse Collar
23:15 Castle Age
24:20 Hand Cart
23:54 Town Watch
24:13 Husbandry
24:41 Bow Saw
24:36 Heavy Plow
24:32 Gold Mining
29:21 Scale Barding Armor
29:39 Town Patrol
33:54 Imperial Age
33:05 Loom
33:30 Cavalier
34:45 Chain Barding Armor
35:06 Crop Rotation
35:26 Conscription
37:24 Savar
40:33 Elite War Elephant
46:42 Two-Man Saw
48:28 Gold Shaft Mining
Severine
9:58 Feudal Age
12:01 Double-Bit Axe
11:59 Horse Collar
12:52 Gold Mining
15:55 Castle Age
18:06 Wheelbarrow
17:49 Bow Saw
26:58 Ballistics
26:50 Heavy Plow
29:05 Hand Cart
28:38 Town Watch
28:40 Loom
32:37 Imperial Age
29:59 Loom
30:02 Town Watch
30:39 Caravan
30:58 Tusk Swords
32:03 Murder Holes
32:18 Masonry
32:19 Fortified Wall
33:13 Husbandry
33:23 Bloodlines
33:22 Scale Barding Armor
33:08 Fletching
33:29 Forging
33:35 Double Crossbow
33:56 Conscription
34:13 Hoardings
33:04 Elite Battle Elephant
34:57 Chemistry
34:54 Siege Engineers
35:43 Crop Rotation
35:53 Architecture
35:22 Bodkin Arrow
36:03 Iron Casting
35:32 Heavy Scorpion
42:25 Blast Furnace
41:25 Bracer
41:46 Chain Barding Armor
42:21 Light Cavalry
43:23 Hussar
Gandaro S
12:34 Feudal Age
16:14 Castle Age
14:10 Double-Bit Axe
15:58 Wheelbarrow
17:47 Gold Mining
26:11 Imperial Age
24:19 Bow Saw
25:29 Loom
25:31 Town Watch
26:19 Hand Cart
26:54 Husbandry
28:40 Chemistry
28:47 Fortified Wall
29:43 Conscription
29:07 Cavalier
32:12 Stone Mining
33:01 Gold Shaft Mining
33:41 Forging
33:36 Scale Barding Armor
35:07 Caravan
35:44 Ballistics
35:38 Squires
35:26 Arson
36:32 Masonry
36:31 Town Patrol
37:23 Chivalry
38:47 Iron Casting
38:32 Chain Barding Armor
39:52 #83
41:44 Blast Furnace
41:20 Plate Barding Armor
43:35 Architecture
44:27 Paladin
54:42 Theocracy
54:33 Illumination
54:24 Block Printing
Connection lost

Rejoining the realm…

Still unreachable

The connection could not be restored.

Session expired

The server has moved on; the page needs a fresh start.